 Dungeon Crawl Stone Soup version 0.18-a0-739-gdae9da8 (webtiles) character file.

9 cluie the Insei (level 2, 0/21 HPs)
             Began as a Demonspawn Transmuter on Dec 10, 2015.
             Slain by a worm (10 damage)
             ... on level 3 of the Dungeon.
             The game lasted 00:01:30 (298 turns).

cluie the Insei (Demonspawn Transmuter)              Turns: 298, Time: 00:01:30

Health: 0/21       AC:  2    Str: 10    XL:     2   Next: 3%
Magic:  4/5        EV: 12    Int: 14    God:
Gold:   19         SH:  0    Dex: 13    Spells: 2 memorised, 2 levels left

rFire  . . .     SeeInvis .       - Unarmed
rCold  . . .     Clarity  .     b - +0 robe
rNeg   . . .     SustAt   .     (no shield)
rPois  .         Gourm    .     (no helmet)
rElec  .         Spirit   .     (no cloak)
rCorr  .         Dismiss  .     (no gloves)
rMut   .         Stasis   .     (no boots)
MR     .....                    (no amulet)
Stlth  +.........               (no ring)
                                (no ring)

@: appendage (expiring), not resistant to hostile enchantments, very unstealthy
A: horns 2, rot immunity
a: End Transformation


You were on level 3 of the Dungeon.
You were not hungry.
You had grown temporary horns.
You visited 1 branch of the dungeon, and saw 5 of its levels.

You collected 19 gold pieces.

Inventory:

Missiles
 a - 12 arrows
Armour
 b - a +0 robe (worn)
Scrolls
 e - 3 scrolls of identify {unknown}
 g - 2 scrolls of fear {unknown}
Books
 c - a book of Changes

   Spells                             Type                      Level
   a - Beastly Appendage              Transmutation                1
   b - Sticks to Snakes               Transmutation                2
   c - Spider Form                    Transmutation/Poison         3
   d - Ice Form                       Ice/Transmutation            4
   e - Blade Hands                    Transmutation                5
Comestibles
 d - a bread ration
 f - 2 chunks of flesh


   Skills:
 + Level 1.2 Fighting
 + Level 2.0 Dodging
 * Level 3.0 Unarmed Combat
 - Level 2.0 Spellcasting
 - Level 1.7 Transmutations


You had 2 spell levels left.
You knew the following spells:

 Your Spells              Type           Power        Failure   Level  Hunger
a - Beastly Appendage     Trmt           #.....       14%         1    ##.....
b - Sticks to Snakes      Trmt           #.......     21%         2    ###....


Dungeon Overview and Level Annotations

Branches:
Dungeon (5/15)
 Temple: D:4-7

Altars:
Yredelemnul

Annotations:
D:5 cireshan's ghost, amateur DECj


Innate Abilities, Weirdness & Mutations

You are immune to rotting.
You have a pair of horns on your head.


Message History

Found a ring mail.
You see here a ring mail.
A worm comes into view.
Found 12 gold pieces and a hunting sling.
The worm bites you.
Casting: Beastly Appendage
Confirm with . or Enter, or press ? or * to list all spells.
You grow a pair of large bovine horns.
Memorise Sticks to Snakes, consuming 2 spell levels and leaving 2?
You start memorising the spell.
You continue memorising.
You continue memorising.
The worm barely misses you.
You finish memorising.
Spell assigned to 'b'.
You hit the worm.
The worm is lightly wounded.
You hit the worm.
The worm is heavily wounded.
Your transformation is almost over.
The worm bites you!
You die...

#####
#######....
.....<..... #.#
######.### #.#
#......# # #.#
#.###### . #.#
##.# # ####.#
#..# #.@..#
#.##
#w##.####.#####
#.........)...#
#..##[.....##.#
#..###....##
#...###..##
##...#####
#....# #..$.#


You could see a worm.

Vanquished Creatures
  A giant gecko (D:1)
  A giant cockroach (D:4)
  A hobgoblin (D:3)
  2 bats (D:3)
  A goblin (D:1)
  2 kobolds
  A rat (D:2)
9 creatures vanquished.

Notes
Turn   | Place    | Note
--------------------------------------------------------------
     0 | D:1      | cluie the Demonspawn Transmuter began the quest for the Orb.
     0 | D:1      | Reached XP level 1. HP: 15/15 MP: 3/3
   208 | D:4      | Reached skill level 3 in Unarmed Combat
   208 | D:4      | Gained mutation: You are immune to rotting. [demonic ancestry]
   208 | D:4      | Reached XP level 2. HP: 11/21 MP: 3/5
   217 | D:5      | Entered Level 5 of the Dungeon
   217 | D:5      | Noticed cireshan's ghost (amateur DECj)
   244 | D:3      | Found a basalt altar of Yredelemnul.
   297 | D:3      | Learned a level 2 spell: Sticks to Snakes
   298 | D:3      | Slain by a worm

Vault maps used:
D:1:      scummos_arrival_simple_fountains, minmay_ruptured
D:2:      kennysheep_goblin_castle, first_bread, kennysheep_generic_room_8
D:3:      lemuel_coloured_pillars_altar, yredelemnul_altar_generic,
          cheibriados_altar_wand_db, minivault_19
D:4:      minmay_misc_feat_nine_boxes
D:5:      kennysheep_little_box, temple_green

Action                   || total
-------------------------++-------
Melee: Unarmed           ||    33
 Cast: Beastly Appendage ||     6
